 Dungeon Crawl Stone Soup version 0.17-a0-1046-ga09e34d (webtiles) character file.

95 abixa the Firebug (level 4, -2/33 HPs)
             Began as a Hill Orc Fire Elementalist on May 15, 2015.
             Killed by nerve-wracking pain
             ... invoked by Grinder
              (9 damage)
             ... on level 2 of the Dungeon.
             The game lasted 00:06:38 (2789 turns).

abixa the Firebug (Hill Orc Fire Elementalist)      Turns: 2789, Time: 00:06:39

Health: -2/33      AC:  3    Str: 10    XL:     4   Next: 65%
Magic:  0/6        EV: 11    Int: 16    God:
Gold:   45         SH:  0    Dex: 11    Spells: 3 memorised, 0 levels left

rFire  . . .     SeeInvis .     q - +0 hand axe (curse)
rCold  . . .     Clarity  .     t - +0 leather armour (curse)
rNeg   . . .     SustAb   .     (no shield)
rPois  .         Gourm    .     (no helmet)
rElec  .         Spirit   .     (no cloak)
rCorr  .         Warding  .     (no gloves)
rMut   .         Stasis   +     (no boots)
MR     .....                    p - amulet of stasis (curse)
Stlth  +.........               (no ring)
                                (no ring)

@: very slightly contaminated, not resistant to hostile enchantments, very
unstealthy
A: no striking features
a: no special abilities


You were on level 2 of the Dungeon.
You were not hungry.

You visited 1 branch of the dungeon, and saw 3 of its levels.

You collected 45 gold pieces.

Inventory:

Hand weapons
 f - a +0 dagger
 q - a cursed +0 hand axe (weapon)
 B - a +0 quarterstaff
 C - a +0 hunting sling
Missiles
 d - 6 javelins (quivered)
 j - 73 stones
 w - 17 sling bullets
 A - a throwing net
Armour
 l - a +0 ring mail
 t - a cursed +0 leather armour (worn)
Jewellery
 e - an uncursed amulet of resist mutation
 p - a cursed amulet of stasis (around neck)
 y - a cursed amulet of inaccuracy {unknown}
Scrolls
 a - a scroll of fear {unknown}
 i - a scroll of blinking {unknown}
 n - 2 scrolls of enchant armour {unknown}
 o - a scroll of immolation {unknown}
 r - a scroll of enchant weapon {unknown}
 u - 2 scrolls of identify {unknown}
Potions
 h - a potion of brilliance {unknown}
 k - a potion of heal wounds {unknown}
 s - 3 potions of curing {unknown}
 v - a potion of cure mutation {unknown}
 x - a potion of degeneration {unknown}
Books
 b - a book of Flames

   Spells                             Type                      Level
   a - Flame Tongue                   Conjuration/Fire             1
   b - Throw Flame                    Conjuration/Fire             2
   c - Conjure Flame                  Conjuration/Fire             3
   d - Inner Flame                    Hexes/Fire                   3
   e - Sticky Flame                   Conjuration/Fire             4
   f - Fireball                       Conjuration/Fire             5
Comestibles
 c - a bread ration
 g - 2 slices of pizza
 m - a meat ration
 z - 2 fruits


   Skills:
 - Level 1.5 Dodging
 - Level 1.5 Stealth
 - Level 1.5 Spellcasting
 + Level 3.6 Conjurations
 + Level 4.1 Fire Magic


You couldn't memorise any spells.
You knew the following spells:

 Your Spells              Type           Power        Failure   Level  Hunger
a - Flame Tongue          Conj/Fire      ##...        8%          1    ##.....
b - Throw Flame           Conj/Fire      ##....       12%         2    ###....
c - Conjure Flame         Conj/Fire      ##......     21%         3    ####...


Dungeon Overview and Level Annotations

Branches:
Dungeon (3/15)

Altars:

Annotations:
D:2 Grinder


Message History

Grinder is moderately wounded.
Grinder hits you!
You writhe in agony.
Casting: Flame Tongue
Confirm with . or Enter, or press ? or * to list all spells.
Aiming: Flame Tongue
Press: ? - help, Shift-Dir - straight line, f/p - Grinder
Aim: Grinder (moderately wounded)
You miscast Flame Tongue.
You are very lightly contaminated with residual magic.
You have a brief vision of globes of primordial fire.
Grinder hits you but does no damage. Grinder hits you.
* * * LOW HITPOINT WARNING * * *
You writhe in agony.
* * * LOW HITPOINT WARNING * * *
You climb upwards.
There is a stone staircase leading down here.
Grinder gestures at you. Pain shoots through your body!
You die...

#..# #.# #.# #.#.#####.#
#..# #.# #.####.........#
#..###.#####...<........#.#
#...............#.#####.#.#
##..............#.# #.#.#
#####.#####...##.#
#.#.###### #.#####...##.#
#.#....... #.##.....<...#
#......... #........@...#
########## ####......>5.#
####...#### #...# #...#
##.##################
#........##........#
########.##.######.#
#.......# #.#


You could see Grinder.

Vanquished Creatures
  A gnoll (D:2)
  2 adders (D:2)
  2 oozes (D:1)
  3 worms (D:2)
  A giant gecko (D:1)
  4 bats
  3 giant cockroaches
  8 goblins
  4 hobgoblins (D:1)
  6 jackals
  3 kobolds
  3 quokkas
  A ball python (D:2)
  3 giant newts
  8 rats
52 creatures vanquished.

Notes
Turn   | Place    | Note
--------------------------------------------------------------
     0 | D:1      | abixa the Hill Orc Fire Elementalist began the quest for the Orb.
     0 | D:1      | Reached XP level 1. HP: 14/14 MP: 3/3
   320 | D:1      | Reached XP level 2. HP: 20/20 MP: 4/4
   324 | D:1      | Learned a level 2 spell: Throw Flame
   560 | D:1      | HP: 1/20 [ooze (2)]
   564 | D:1      | Reached XP level 3. HP: 1/26 MP: 0/5
  1477 | D:2      | Reached XP level 4. HP: 33/33 MP: 0/6
  1857 | D:2      | Learned a level 3 spell: Conjure Flame
  2202 | D:3      | Noticed Grinder
  2251 | D:2      | Reached skill level 4 in Fire Magic
  2789 | D:2      | Killed from afar by Grinder

Vault maps used:
D:1:      sevenhm_arrival_forest_fort_small_2, hex_medium
D:3:      makhleb_grotto_becter, uniq_grinder

Action                   |  1- 3 |  4- 6 || total
-------------------------+-------+-------++-------
Melee: Unarmed           |    14 |       ||    14
       Dagger            |    63 |       ||    63
       Hand axe          |     5 |    59 ||    64
 Cast: Flame Tongue      |    37 |    26 ||    63
 Stab: Sleeping          |     1 |     1 ||     2
  Eat: Chunk             |     3 |     5 ||     8
